 Dungeon Crawl Stone Soup version 0.21-a0-356-g45b0a09 (webtiles) character file.

90 tidbits the Skirmisher (level 4, 29/41 HPs)
             Began as a Gnoll Wanderer on Oct 12, 2017.
             Quit the game on level 2 of the Dungeon.
             The game lasted 00:07:04 (695 turns).

tidbits the Skirmisher (Gnoll Wanderer)              Turns: 695, Time: 00:07:04

Health: 29/41      AC:  5    Str: 11 (12) XL:     4   Next: 56%
Magic:  11/11      EV: 10    Int: 18 (19) God:
Gold:   42         SH:  0    Dex: 11 (13) Spells: 11/13 levels left

rFire    . . .     SeeInvis .   a - +2 spear
rCold    . . .     Gourm    .   (no shield)
rNeg     . . .     Faith    .   B - +0 ring mail
rPois    .         Spirit   .   (no helmet)
rElec    .         Reflect  .   (no cloak)
rCorr    .         Harm     .   (no gloves)
MR       .....                  (no boots)
Stlth    +.........             (no amulet)
HPRegen  0.13/turn              (no ring)
MPRegen  0.12/turn              (no ring)

@: no status effects
A: distributed training, fangs 1, strong nose
a: no special abilities


You were on level 2 of the Dungeon.
You were not hungry.

You visited 1 branch of the dungeon, and saw 2 of its levels.

You collected 42 gold pieces.

Inventory:

Hand Weapons
 a - a +2 spear (weapon)
Missiles
 g - 36 arrows
 i - 28 stones (quivered)
 m - 20 bolts
 q - 4 tomahawks
 s - 21 sling bullets
Armour
 d - a +0 robe
 B - a +0 ring mail (worn)
Scrolls
 h - a scroll of identify {unknown}
 j - 2 scrolls of noise
 k - a scroll of fear {unknown}
 p - a scroll of remove curse {unknown}
Potions
 e - 2 potions of ambrosia
 l - a potion of agility {unknown}
 n - a potion of degeneration
 r - a potion of heal wounds {unknown}
Books
 b - Sif Muna's Handbook of Envenoming

   Spells                             Type                      Level
   a - Sting                          Conjuration/Poison           1
   b - Ignite Poison                  Fire/Transmutation/Poison    3
 c - the Tome of the Voyage

   Spells                             Type                      Level
   a - Apportation                    Translocation                1
   b - Gell's Gravitas                Translocation                3
Comestibles
 f - 4 bread rations
 o - 3 meat rations


   Skills:
 + Level 6.6 Fighting
 + Level 1.1 Short Blades
 + Level 1.1 Long Blades
 + Level 1.1 Axes
 + Level 1.1 Maces & Flails
 + Level 1.1 Polearms
 + Level 1.1 Staves
 + Level 1.1 Slings
 + Level 1.1 Bows
 + Level 1.1 Crossbows
 + Level 4.6 Throwing
 + Level 1.1 Armour
 + Level 1.1 Dodging
 + Level 1.1 Stealth
 + Level 1.1 Shields
 + Level 1.1 Unarmed Combat
 + Level 5.1 Spellcasting
 + Level 1.1 Conjurations
 + Level 1.1 Hexes
 + Level 1.1 Charms
 + Level 2.7 Summonings
 + Level 1.1 Necromancy
 + Level 4.6 Translocations
 + Level 1.1 Transmutations
 + Level 1.1 Fire Magic
 + Level 1.1 Ice Magic
 + Level 1.1 Air Magic
 + Level 1.1 Earth Magic
 + Level 1.1 Poison Magic
 + Level 1.1 Invocations
 + Level 1.1 Evocations


You had 11 spell levels left.
You knew the following spells:

 Your Spells              Type           Power        Failure   Level  Hunger
a - Apportation           Tloc           ###...       4%          1    None
z - Sting                 Conj/Pois      #...         19%         1    None


Dungeon Overview and Level Annotations

Branches:
Dungeon (2/15)

Altars:


Innate Abilities, Weirdness & Mutations

Your experience applies equally to all skills.
You have very sharp teeth.
Your uncanny sense of smell can sniff out nearby items.


Message History

Casting: Apportation
Confirm with . or Enter, or press ? or * to list all spells.
Aiming: Apportation
Press: ? - help, Dir - move target cursor Apport: a scroll labeled TETUNI COIN Yoink!
You pull the item towards yourself.
Casting: Apportation
Confirm with . or Enter, or press ? or * to list all spells.
Aiming: Apportation
Press: ? - help, Dir - move target cursor Apport: a fizzy orange potion Yoink!
You pull the item towards yourself.
p - a scroll labeled TETUNI COIN;
r - a fizzy orange potion An adder comes into view.
The adder hisses angrily.
Found a stone staircase leading down.
A goblin comes into view.
The goblin shouts!
Found 8 gold pieces.
Found an escape hatch in the floor.
Found a stone staircase leading up.
You hit the adder.
The adder is heavily wounded.
The adder bites you but does no damage.
You hit the adder.
The adder is almost dead.
The adder bites you.
You hit the adder but do no damage. Your bite misses the adder.
The adder is almost dead.
The adder barely misses you. The adder bites you but does no damage.
You closely miss the adder.
The adder is almost dead.
The adder bites you but does no damage.
You closely miss the adder.
The adder is almost dead.
The adder completely misses you. The adder bites you.
You are poisoned.
The adder poisons you!
You closely miss the adder.
The adder is almost dead.
You feel sick. The adder misses you.
You hit the adder.
You kill the adder!
You feel sick.
You closely miss the goblin. The goblin hits you.
You hit the goblin but do no damage. The goblin hits you but does no damage.
You hit the goblin.
You kill the goblin!
You feel sick.
You feel sick.
Casting: Apportation
Confirm with . or Enter, or press ? or * to list all spells.
Aiming: Apportation
Press: ? - help, Dir - move target cursor Apport: 8 gold pieces Yoink!
You pull the items towards yourself.
You now have 29 gold pieces (gained 8).
You feel sick.
You feel sick.
You feel sick.
Found a potion of ambrosia.
Casting: Apportation
Confirm with . or Enter, or press ? or * to list all spells.
Aiming: Apportation
Press: ? - help, Dir - move target cursor Apport: a potion of ambrosia You miscast Apportation.
You are very lightly contaminated with residual magic.
Nothing appears to happen.
You feel sick.
You are no longer poisoned.
Casting: Apportation
Confirm with . or Enter, or press ? or * to list all spells.
Aiming: Apportation
Press: ? - help, Dir - move target cursor Apport: a potion of ambrosia Yoink!
You pull the item towards yourself.
e - 2 potions of ambrosia (gained 1)
Found 21 sling bullets.
A hobgoblin comes into view. It is wielding a club.
Found 13 gold pieces.
You closely miss the hobgoblin. The hobgoblin closely misses you.
You hit the hobgoblin but do no damage.
You bite the hobgoblin, but do no damage.
The hobgoblin hits you but does no damage.
You puncture the hobgoblin!
You kill the hobgoblin!
Things that are here:
a club; a hobgoblin corpse
Casting: Apportation
Confirm with . or Enter, or press ? or * to list all spells.
Aiming: Apportation
Press: ? - help, Dir - move target cursor Apport: 13 gold pieces Yoink!
You pull the items towards yourself.
You now have 42 gold pieces (gained 13).
Your magical contamination has completely faded away.
Found a mace and 26 stones.
You see here 21 sling bullets.
s - 21 sling bullets You see here 26 stones.
Are you sure you want to abandon this character and quit the game? (Confirm with "yes".)

. ..# ######†# ##.## #. #
#.###...##.# #.# #.
####.##..#..#.# #####.#### #.
#.......###...### ##...##...# #.
..##.##..#..###.###⌠.>.⌠###.# #.
.....###.[.###...#.......##.####.
###### #####.....#.>.⌠.<.#.......
#.....#.......#..#####
#.)..@##⌠...⌠##..#
#.#...###...###.##
#.#..##.##.##÷#.#
#.......##.##.#.#
###.######......# #.# ##.....#
#.# #.....# #.# #.....#
####.#######.....#


There were no monsters in sight!

Vanquished Creatures
  4 adders (D:2)
  2 dart slugs (D:1)
  A leopard gecko (D:2)
  5 bats
  2 giant cockroaches
  7 goblins
  5 hobgoblins
  4 jackals (D:2)
  2 quokkas (D:2)
  2 ball pythons (D:2)
  3 frilled lizards
  7 kobolds
  5 rats
49 creatures vanquished.

Vanquished Creatures (others)
  4 fungi (D:2)
4 creatures vanquished.

Grand Total: 53 creatures vanquished

Notes
Turn   | Place    | Note
-------+----------+-------------------------------------------
     0 | D:1      | tidbits the Gnoll Wanderer began the quest for the Orb.
     0 | D:1      | tidbits set off with: a +2 spear, Sif Muna's Handbook of Envenoming, the Tome of the Voyage, a +0 robe, a bread ration
     0 | D:1      | Reached XP level 1. HP: 23/23 MP: 6/6
     0 | D:1      | Identified Sif Muna's Handbook of Envenoming
     0 | D:1      | Identified the Tome of the Voyage
     2 | D:1      | Learned a level 1 spell: Apportation
     4 | D:1      | Learned a level 1 spell: Sting
    54 | D:1      | Reached XP level 2. HP: 25/29 MP: 7/7
   254 | D:1      | Reached XP level 3. HP: 25/35 MP: 9/9
   291 | D:2      | Reached skill level 5 in Spellcasting
   458 | D:2      | Reached skill level 1 in Short Blades
   458 | D:2      | Reached skill level 1 in Long Blades
   458 | D:2      | Reached skill level 1 in Axes
   458 | D:2      | Reached skill level 1 in Maces & Flails
   458 | D:2      | Reached skill level 1 in Polearms
   458 | D:2      | Reached skill level 1 in Staves
   458 | D:2      | Reached skill level 1 in Slings
   458 | D:2      | Reached skill level 1 in Bows
   458 | D:2      | Reached skill level 1 in Crossbows
   458 | D:2      | Reached skill level 1 in Armour
   458 | D:2      | Reached skill level 1 in Dodging
   458 | D:2      | Reached skill level 1 in Stealth
   458 | D:2      | Reached skill level 1 in Shields
   458 | D:2      | Reached skill level 1 in Unarmed Combat
   458 | D:2      | Reached skill level 1 in Conjurations
   458 | D:2      | Reached skill level 1 in Hexes
   458 | D:2      | Reached skill level 1 in Charms
   458 | D:2      | Reached skill level 1 in Necromancy
   458 | D:2      | Reached skill level 1 in Transmutations
   458 | D:2      | Reached skill level 1 in Fire Magic
   458 | D:2      | Reached skill level 1 in Ice Magic
   458 | D:2      | Reached skill level 1 in Air Magic
   458 | D:2      | Reached skill level 1 in Earth Magic
   458 | D:2      | Reached skill level 1 in Poison Magic
   458 | D:2      | Reached skill level 1 in Invocations
   458 | D:2      | Reached skill level 1 in Evocations
   490 | D:2      | Reached XP level 4. HP: 39/41 MP: 11/11
   695 | D:2      | Quit the game

Vault maps used:
D:1:      minmay_arrival_glassed_features, supply_closet_lemuel,
          minmay_pentomino_v2
D:2:      minmay_wonky_spiral, first_bread,
          chequers_ecumenical_altar_simple_redux, grunt_ministairs_7,
          minmay_shallow_snake_nest

Skill      XL: |  1  2  3 |
---------------+----------+-----
Spellcasting   | 5 |  5.1
Short Blades   | 1 |  1.1
Long Blades    | 1 |  1.1
Axes           | 1 |  1.1
Maces & Flails | 1 |  1.1
Polearms       | 1 |  1.1
Staves         | 1 |  1.1
Slings         | 1 |  1.1
Bows           | 1 |  1.1
Crossbows      | 1 |  1.1
Armour         | 1 |  1.1
Dodging        | 1 |  1.1
Stealth        | 1 |  1.1
Shields        | 1 |  1.1
Unarmed Combat | 1 |  1.1
Conjurations   | 1 |  1.1
Hexes          | 1 |  1.1
Charms         | 1 |  1.1
Necromancy     | 1 |  1.1
Transmutations | 1 |  1.1
Fire Magic     | 1 |  1.1
Ice Magic      | 1 |  1.1
Air Magic      | 1 |  1.1
Earth Magic    | 1 |  1.1
Poison Magic   | 1 |  1.1
Invocations    | 1 |  1.1
Evocations     | 1 |  1.1
Fighting       | |  6.6
Throwing       | |  4.6
Summonings     | |  2.7
Translocations | |  4.6

Action                   |  1- 3 |  4- 6 || total
-------------------------+-------+-------++-------
Melee: Spear             |   127 |    34 ||   161
       Bite              |    11 |     1 ||    12
 Cast: Apportation       |     3 |     5 ||     8
  Use: Potion            |     3 |       ||     3
       Scroll            |       |     1 ||     1
 Stab: Sleeping          |     3 |       ||     3
Armor: Robe              |    11 |       ||    11
       Ring mail         |    10 |    11 ||    21
Dodge: Dodged            |    62 |    19 ||    81

Table legend:
 A = Spawn XP
 B = Non-spawn XP
 C = Spawn XP percentage of total XP
 D = Spawn monster count
 E = Non-spawn monster count
 F = Spawn count percentage of total count
 G = Total turns spent on level
                    A         B        C        D         E        F      G
               +---------+---------+-------+---------+---------+-------+---------
         Total |       0 |     129 |   0.0 |       0 |      49 |   0.0 |   695
               +---------+---------+-------+---------+---------+-------+---------
           D:1 |       0 |      34 |   0.0 |       0 |      20 |   0.0 |   268
           D:2 |       0 |      95 |   0.0 |       0 |      29 |   0.0 |   427
               +---------+---------+-------+---------+---------+-------+---------

Table legend:
 A = Turns spent in this place as a percentage of turns spent in the entire game.
 B = Non-inter-level travel turns spent in this place as a percentage of non-inter-level travel turns spent in the entire game.
 C = Inter-level travel turns spent in this place as a percentage of turns spent in this place.
 D = Turns resting spent in this place as a percentage of non-inter-level travel turns spent in this place.
 E = Turns spent auto-exploring this place as a percentage of non-inter-level travel turns spent in this place.
 F = Non-inter-level travel turns spent in this place divided by the number of levels of this place that you've seen.
                   A       B       C       D       E      F
               +-------+-------+-------+-------+-------+----------------------
         Total | 100.0 | 100.0 |   0.0 |   0.0 |   0.0 | 347.5
       Dungeon | 100.0 | 100.0 |   0.0 |   0.0 |   0.0 | 347.5
               +-------+-------+-------+-------+-------+----------------------

Table legend:
 A = Kills in this place as a percentage of kills in entire the game.
 B = Kills by you in this place as a percentage of kills by you in the entire game.
 C = Kills by friends in this place as a percentage of kills by friends in the entire game.
 D = Other kills in this place as a percentage of other kills in the entire game.
 E = Experience gained in this place as a percentage of experience gained in the entire game.
 F = Experience gained in this place divided by the number of levels of this place that you have seen.
                   A       B       C       D       E      F
               +-------+-------+-------+-------+-------+----------------------
         Total | 100.0 | 100.0 |   N/A |   N/A | 100.0 |  64.5
       Dungeon | 100.0 | 100.0 |   N/A |   N/A | 100.0 |  64.5
               +-------+-------+-------+-------+-------+----------------------

Vault maps used:
D:1:      minmay_arrival_glassed_features, supply_closet_lemuel,
          minmay_pentomino_v2
D:2:      minmay_wonky_spiral, first_bread,
          chequers_ecumenical_altar_simple_redux, grunt_ministairs_7,
          minmay_shallow_snake_nest
